Map: Invader LE

Players

llIIIllIIl - Winner!

  • Race: Zerg Zerg
  • League: Bronze
  • Spawn Location: 7:00

Fropez

  • Race: Protoss Protoss
  • League: Silver
  • Spawn Location: 11:00

VOD

Have the link to the VOD?

Description

Time

  • Played on: May 19, 2016, 9:29 a.m.
  • Length: 10:56
Show
View Real Time Build Order
Export as new Build Order

llIIIllIIl Zerg - Winner!

Build Orders: Hatch First, Lurkers, Roach Nydus 

Get SALT Encoding   

  12  0:01  Drone  
  13  0:13  Overlord  
  13  0:18  Drone  
  14  0:32  Drone x2  
  16  0:36  Drone  
  17  0:46  Drone  
  18  0:59  Hatchery  
  17  1:12  Spawning Pool  
  17  1:15  Extractor, Drone  
  16  1:22  Drone  
  17  1:30  Drone x2  
  19  1:42  Drone  
  20  1:59  Drone  
  20  2:00  Extractor, Queen  
  22  2:02  Overlord  
  22  2:14  Zergling x2  
  23  2:19  Drone  
  23  2:20  Queen  
  26  2:23  Drone x2  
  28  2:33  Drone  
  29  2:40  Roach Warren  
  29  2:42  Drone  
  29  2:45  Lair  
  29  2:50  Drone  
  30  2:52  Drone  
  30  2:58  Metabolic Boost  
  31  3:01  Zergling x2  
  31  3:26  Drone x5  
  36  3:29  Overlord x2  
  36  3:50  Queen  
  38  3:57  Hydralisk Den  
  38  4:01  Spore Crawler  
  36  4:03  Roach x5  
  36  4:07  Queen  
  47  4:37  Drone x2  
  47  4:38  Drone x3  
  52  5:03  Overlord x2  
  52  5:04  Overlord x3  
  52  5:27  Nydus Network  
  52  5:28  Drone x8  
  52  5:31  Extractor  
  52  5:34  Extractor  
  57  5:42  Drone x2  
  59  6:02  Hydralisk x7  
  73  6:07  Hatchery  
  72  6:32  Evolution Chamber  
  71  6:34  Evolution Chamber, Hydralisk  
  71  6:35  Hydralisk x6  
  71  6:37  Overlord x2  
  71  6:38  Overlord  
  84  6:52  Muscular Augments  
  84  6:53  Glial Reconstitution  
  84  6:58  Hydralisk x3  
  90  7:04  Drone x3  
  93  7:15  Drone  
  93  7:16  Drone x4  
  98  7:32  Zerg Missile Weapons Level 1  
  98  7:33  Zerg Ground Armor Level 1  
  98  7:48  Drone  
  98  7:49  Drone x11  
  110  7:53  Extractor  
  110  7:57  Extractor  
  108  8:06  Lurker Den  
  108  8:07  Infestation Pit  
  108  8:08  Hydralisk x3  
  108  8:11  Overlord  
  113  8:33  Roach x4  
  121  8:37  Overlord x7  
  121  8:45  Hive  
  121  8:52  Spore Crawler  
  120  8:59  Ravager  
  120  9:00  Ravager x2  
  120  9:02  Hydralisk  
  123  9:03  Hydralisk x4  
  133  9:37  Lurker x2  
  133  9:38  Lurker x3  
  138  9:42  Hydralisk  
  138  9:43  Hydralisk  
  142  9:47  Roach x4  
  150  10:08  Hydralisk  
  150  10:09  Hydralisk x3  
Show
View Real Time Build Order
Export as new Build Order

Fropez Protoss 

Build Orders:  

Get SALT Encoding   

  12  0:00  Probe (Chrono Boost)  
  13  0:17  Pylon  
  13  0:19  Probe (Chrono Boost)  
  14  0:31  Probe (Chrono Boost)  
  15  0:39  Gateway  
  15  0:42  Probe (Chrono Boost)  
  16  0:46  Assimilator  
  16  0:52  Probe (Chrono Boost)  
  17  1:03  Probe (Chrono Boost)  
  18  1:06  Pylon  
  18  1:13  Probe (Chrono Boost)  
  19  1:24  Probe (Chrono Boost), Gateway  
  20  1:32  Cybernetics Core  
  20  1:36  Probe (Chrono Boost)  
  21  1:47  Probe (Chrono Boost)  
  22  1:51  Assimilator  
  22  1:57  Probe (Chrono Boost)  
  23  2:04  Pylon  
  23  2:08  Probe (Chrono Boost)  
  24  2:11  Warp Gate (Chrono Boost)  
  24  2:19  Mothership Core (Chrono Boost)  
  24  2:22  Forge  
  27  2:37  Probe (Chrono Boost)  
  27  2:39  Pylon  
  27  2:44  Adept x2  
  27  2:47  Probe (Chrono Boost)  
  32  2:58  Probe (Chrono Boost), Protoss Ground Weapons Level 1  
  33  3:10  Probe  
  34  3:27  Probe  
  35  3:34  Pylon  
  35  3:37  Adept x2  
  35  3:39  Probe  
  40  3:50  Pylon  
  40  3:52  Probe  
  39  4:32  Probe  
  38  4:40  Stalker  
  36  5:00  Photon Cannon  
  36  5:02  Pylon  
  36  5:05  Probe  
  36  5:06  Nexus  
  37  5:08  Protoss Ground Armor Level 1 (Chrono Boost)  
  37  5:10  Assimilator  
  37  5:12  Assimilator  
  37  5:14  Pylon  
  37  5:15  Twilight Council  
  37  5:17  Probe  
  38  5:21  Adept x2  
  42  5:29  Probe  
  43  5:42  Zealot  
  45  5:46  Probe  
  44  5:57  Blink  
  44  5:59  Gateway  
  44  6:03  Gateway  
  44  6:07  Gateway  
  44  6:20  Pylon  
  44  6:23  Photon Cannon  
  44  6:29  Probe  
  44  6:30  Probe  
  44  6:40  Probe  
  44  6:42  Stalker x2  
  49  6:49  Probe  
  49  6:50  Probe, Protoss Ground Weapons Level 2 (Chrono Boost)  
  49  6:51  Robotics Facility  
  51  7:02  Pylon, Probe  
  51  7:06  Stalker x3  
  58  7:08  Stalker  
  58  7:13  Stalker  
  62  7:21  Probe  
  62  7:22  Probe  
  63  7:26  Pylon  
  63  7:28  Pylon  
  64  7:31  Pylon  
  64  7:46  Pylon, Probe  
  64  7:47  Probe  
  64  7:50  Immortal (Chrono Boost)  
  70  7:57  Stalker x2  
  74  7:59  Stalker  
  74  8:04  Stalker  
  77  8:29  Immortal (Chrono Boost)  
  81  8:35  Robotics Facility  
  81  8:38  Pylon  
  81  8:39  Stalker x3  
  87  8:51  Probe  
  88  9:04  Immortal (Chrono Boost)  
  92  9:11  Probe  
  92  9:12  Probe  
  94  9:20  Pylon  
  94  9:24  Nexus  
  94  9:28  Assimilator  
  94  9:29  Probe  
  94  9:30  Probe  
  96  9:39  Immortal (Chrono Boost)  
  103  9:54  Immortal (Chrono Boost)  
  103  9:56  Zealot  
  105  10:00  Probe x2  
  107  10:13  Immortal (Chrono Boost)  
  75  10:38  Stalker x2  
  75  10:39  Stalker x2  
Tags
 
Composition
Lurkers
Matchup
PvZ
Replay Pack
All Mines
Spawn Locations
Close Positions
Strategy
Roach Nydus
Add a new tag
Caveats
  • Supply blocks, unpowered buildings, or Contaminate may cause inaccurate times.
  • Supply counts are checked every 10 seconds.